Minoru, lawful male human Samurai --------- ------ |....>..| |....| --------- |........# |....|`##########........| -.-------# |....| |.......| # # |..`..###########-[%.....| ### # |....| ###--|------ # # -+--.- #### ############ ### # # % # # ### ######## ########### ############@##` # # # # # #c# -.----.---|- ----------.- # |..........| |..........| ##|..........| |.......<..| |..........| |.^........+ ------------ |..........| |..........| ------------ Minoru the Joshu Experience level: 11 Strength: 16 Dexterity: 18 Constitution: 18 Intelligence: 10 Wisdom: 12 Charisma: 7 Health: 117(118) Energy: 41(41) Def: 12 Gold: 4923 Moves: 12056 Dungeon seed: WTOWJ23jw0R0sCOQ Game ID: Minoru_1442804005 Your Inventory: Coins $ - 4923 gold pieces Weapons a - an uncursed +0 katana (weapon in hand) b - an uncursed +0 wakizashi c - an uncursed +0 yumi (alternate weapon; not wielded) d - a blessed +0 silver arrow g - an uncursed +0 long sword H - 2 blessed poisoned +0 orcish arrows J - 22 uncursed poisoned +0 orcish arrows K - 5 blessed +1 arrows Armor e - an uncursed rustproof +0 splint mail (being worn) n - a cursed -2 elven cloak t - an uncursed +0 elven leather helm (being worn) z - an uncursed +0 mummy wrapping C - an uncursed +0 pair of iron shoes (being worn) M - a blessed +2 dwarvish cloak (being worn) O - an uncursed +0 pair of yugake (being worn) Comestibles S - 2 uncursed tins of jackal meat Scrolls f - a cursed scroll of enchant armor F - an uncursed scroll of light Y - an uncursed scroll of identify Z - an uncursed scroll of earth Potions P - an uncursed potion of full healing T - an uncursed potion of invisibility Wands h - an uncursed wand of digging (0:3) i - an uncursed wand of enlightenment (0:6) j - an uncursed wand of magic missile (0:3) l - an uncursed wand of slow monster (0:6) I - an uncursed wand of cancellation named makes things vanish (0:2) X - an uncursed wand of striking (0:5) Tools k - an uncursed skeleton key o - an uncursed +0 unicorn horn p - an uncursed bugle r - an uncursed blindfold s - an uncursed bag of holding u - 16 uncursed tallow candles (0:200) w - a blessed tallow candle (0:200) D - an uncursed tin whistle E - an uncursed bell G - an uncursed brass lantern (0:0) Q - an uncursed mirror R - an uncursed oilskin sack V - an uncursed mirror Contents of the bag of holding: a blessed scroll of blank paper 3 uncursed scrolls of blank paper an uncursed scroll of identify an uncursed spellbook of detect food 2 uncursed potions of confusion an uncursed wand of magic missile (0:0) an uncursed wand of striking (0:0) 7 uncursed wax candles (0:400) 2 uncursed amethyst stones an uncursed chrysoberyl stone 4 uncursed diamonds an uncursed dilithium crystal 4 uncursed emeralds an uncursed fluorite stone 2 uncursed garnet stones an uncursed jade stone an uncursed obsidian stone 2 uncursed rubies 9 uncursed worthless pieces of black glass 2 uncursed worthless pieces of blue glass 6 uncursed worthless pieces of green glass 2 uncursed worthless pieces of orange glass 2 uncursed worthless pieces of red glass 4 uncursed worthless pieces of violet glass 4 uncursed worthless pieces of white glass an uncursed worthless piece of yellow glass 2 uncursed worthless pieces of yellowish brown glass Spells and supernatural/magical abilities: Name Level Category Fail Memory x - extra healing 3 healing 100% 54% W - pray for help -- divine ? -- Your skills at the end: Fighting Skills martial arts [Basic] Weapon Skills short sword [Basic] long sword [Expert] bow [Skilled] Spellcasting Skills Final Attributes: You were piously aligned. You were telepathic. You aggravated monsters. You had teleport control. You were unlucky. You are dead. Vanquished creatures: 3 large mimics a stalker a giant zombie a sergeant a warg 2 small mimics a xan a wood golem 2 large dogs a freezing sphere a tiger a dwarf king a tengu 4 stone giants an elf mummy a wraith an incubus a crocodile a giant beetle a cockatrice 4 winter wolf cubs a lynx a gremlin a spotted jelly 22 leprechauns an iron piercer a mumak 2 scorpions 2 ice vortices a vampire bat a forest centaur 4 gnome kings 8 ogres a brown pudding a yeti a werewolf 2 Green-elves 2 lizards a dingo a white unicorn 2 dust vortices a raven a gnome mummy 2 snakes 2 rope golems a Woodland-elf a soldier ant a fire ant a quasit a wood nymph a water nymph 2 Mordor orcs 9 Uruk-hai an orc shaman 2 rock piercers 2 ponies 2 yellow lights 2 violet fungi 15 gnome lords 8 gnomish wizards 2 kobold mummies a red naga hatchling a black naga hatchling 3 gray oozes 3 barrow wights 2 ghouls 2 straw golems 2 paper golems 8 giant ants 3 little dogs 5 floating eyes 2 kittens 9 dwarves 14 hill orcs 6 rothes a centipede 6 dwarf zombies a wererat a werejackal an iguana 4 acid blobs 4 coyotes 2 gas spores 4 hobbits 2 large kobolds 2 hobgoblins 2 giant rats 7 cave spiders 2 brown molds 2 yellow molds 2 red molds 60 gnomes 11 garter snakes a gnome zombie 6 geckos 10 jackals 4 foxes 4 kobolds a goblin 6 sewer rats 7 grid bugs 4 bats 3 lichens 2 kobold zombies 3 newts 370 creatures vanquished. Voluntary challenges: You used a wielded weapon 654 times, starting on turn 3. You read items or engraved 31 times, starting on turn 288. You never genocided any monsters. You polymorphed 1 item, starting on turn 11614. You never changed form. You used no wishes. You never split a pudding. You never wrote Elbereth's name. You violated your moral code, losing 120 points of alignment, starting on turn 5095. Dungeon overview: The Dungeons of Doom: levels 1 to 10 Level 1 a long staircase Level 2 an altar to Amaterasu Omikami, a fountain Level 3 some fountains Level 4 a fountain stairs to The Gnomish Mines Level 5 a general store Level 6 Level 7 some fountains Level 8 <- You were here Level 9 many fountains Level 10 The Gnomish Mines: levels 5 to 12 Level 5 stairs to The Dungeons of Doom Level 6 Level 7 Level 8 many shops, a temple to Amaterasu Omikami, some fountains, some trees Level 9 Level 10 Level 11 Level 12 History has recorded: On T:1 you entered the Dungeons of Doom to retrieve the Amulet of Yendor! On T:27 you reached level 2 of The Dungeons of Doom. On T:360 you reached level 3 of The Dungeons of Doom. On T:389 you advanced to experience level 2. On T:512 you reached level 4 of The Dungeons of Doom. On T:526 you reached level 1 of The Gnomish Mines. On T:581 you advanced to experience level 3. On T:953 you advanced to experience level 4. On T:1060 you reached level 2 of The Gnomish Mines. On T:1083 you advanced to experience level 5. On T:1105 you reached level 3 of The Gnomish Mines. On T:1913 you advanced to experience level 6. On T:2028 you reached level 4 of The Gnomish Mines. On T:2382 you reached level 5 of The Gnomish Mines. On T:2709 you advanced to experience level 7. On T:3751 you reached level 6 of The Gnomish Mines. On T:3813 you reached level 7 of The Gnomish Mines. On T:3955 you advanced to experience level 8. On T:4010 you reached level 8 of The Gnomish Mines. On T:5279 you advanced to experience level 9. On T:8703 you reached level 5 of The Dungeons of Doom. On T:8834 you reached level 6 of The Dungeons of Doom. On T:9727 you reached level 7 of The Dungeons of Doom. On T:10067 you reached level 8 of The Dungeons of Doom. On T:10198 you advanced to experience level 10. On T:10304 you advanced to experience level 11. On T:10697 you reached level 9 of The Dungeons of Doom. On T:10922 you reached level 10 of The Dungeons of Doom. Score breakdown: Gold: 4923 (12559 points) Experience: 11 levels (17616 points) Exploration: 12 levels ( 25.00%) (14513 points) Discoveries: 25 items ( 10.16%) ( 9563 points) Valuables value: (no points given unless you survive) Artifact value: 0 ( 0 points) Variety of kills: 105 monsters ( 27.56%) (15749 points) Turncount: 12056 turns (-2654 points) Survival: died (score multiplied by 80%) Total score: 53876 Latest messages: You have much trouble removing q - an uncursed purple-red potion. You have much trouble removing N - 2 uncursed white potions. You rebalance your load. Movement is difficult. You put a green gem into the bag. You put an uncursed red gem into the bag. (2x) You hit the chickatrice! Your limbs have turned to stone. The chickatrice bites! The chickatrice misses. You have turned to stone. You are a statue. The oilskin sack is empty. The oilskin sack is empty. Final status: Sayonara Minoru the Samurai, petrified by a chickatrice, while unable to move due to turning to stone... You turned to stone in The Dungeons of Doom on dungeon level 8 with 53876 points, and 4923 pieces of gold, after 12056 moves. You were level 11 with a maximum of 118 hit points when you turned to stone.